Match 46742090
Unlisted

Match 46742090
End
Engineer Squad
Selects Special Operations Battlegroup
Selects M29 Weasel Recon Vehicle
M29 Weasel Recon Vehicle
Construct Weapon Support Center
M1919 Machine Gun Team
M1919 Machine Gun Team
Infantry Support Center
Selects Raiding Flares
Engineer Squad
Construct Motor Pool
M8 Greyhound Armored Car
Captain Retinue
Selects SSF Commando Squad
SSF Commando Squad
JBQuib
Cpt Darling
jwalker987
BigBoss
Felisia_P
Elbehiri
0
0

Comments sign in to comment!

No comments posted yet!